 Dungeon Crawl Stone Soup version 0.20.0-10-g0535bb4 (webtiles) character file.

137 matyilona the Poker (level 5, -1/41 HPs)
             Began as a Merfolk Skald on June 3, 2017.
             Was a Follower of Uskayaw.
             Slain by Manul's ghost (2 damage)
             ... on level 4 of the Dungeon.
             The game lasted 00:13:04 (2609 turns).

matyilona the Poker (Merfolk Skald)                 Turns: 2609, Time: 00:13:04

Health: -1/41      AC:  5    Str:  8 (11) XL:     5   Next: 20%
Magic:  7/8        EV: 13    Int: 10 (13) God:    Uskayaw [*.....]
Gold:   145        SH:  0    Dex: 13 (14) Spells: 7/8 levels left

rFire    . . .     SeeInvis .   a - +0 spear
rCold    . . .     Gourm    .   (no shield)
rNeg     . . .     Faith    .   b - +0 leather armour
rPois    .         Spirit   .   (no helmet)
rElec    .         Reflect  .   (no cloak)
rCorr    .         Harm     .   (no gloves)
MR       .....                  n - +1 pair of boots {Stlth+}
Stlth    ++........             (no amulet)
Regen    0.2/turn               (no ring)
MPRegen  0.2/turn               (no ring)

@: infused (expiring)
A: change form in water, swift swim, stealthy swim
a: Stomp, Renounce Religion


You were on level 4 of the Dungeon.
You worshipped Uskayaw.
Uskayaw was noncommittal.
You were hungry.

You visited 1 branch of the dungeon, and saw 4 of its levels.

You collected 145 gold pieces.

Inventory:

Hand Weapons
 a - a +0 spear (weapon)
 p - a +0 blowgun
Missiles
 e - 36 sling bullets
 i - 97 stones (quivered)
 j - 8 poisoned needles
Armour
 b - a +0 leather armour (worn)
 n - a +1 pair of boots of stealth (worn)
Jewellery
 l - an uncursed ring of protection from fire {unknown}
 u - an uncursed amulet of magic regeneration {unknown}
Scrolls
 g - 4 scrolls of identify {unknown}
 h - 2 scrolls of remove curse {unknown}
 m - 2 scrolls of teleportation {unknown}
 o - a scroll of magic mapping {unknown}
 r - a scroll of blinking {unknown}
Books
 c - a book of Battle

   Spells                             Type                      Level
   a - Infusion                       Charms                       1
   b - Shroud of Golubria             Charms/Translocation         2
   c - Song of Slaying                Charms                       2
   d - Spectral Weapon                Hexes/Charms                 3
   e - Regeneration                   Charms/Necromancy            3
Comestibles
 d - 3 bread rations
 q - a meat ration
 s - a fruit
 t - 3 chunks of flesh


   Skills:
 + Level 3.5 Fighting
 * Level 5.2 Polearms
 - Level 0.6 Armour
 + Level 3.8 Dodging
 - Level 2.0 Spellcasting
 - Level 3.2 Charms
 * Level 1.5 Invocations


You had 7 spell levels left.
You knew the following spells:

 Your Spells              Type           Power        Failure   Level  Hunger
a - Infusion              Chrm           #...         12%         1    ##.....


Dungeon Overview and Level Annotations

Branches:
Dungeon (4/15)             Temple (0/1) D:4

Altars:
Nemelex Xobeh
Uskayaw

Annotations:
D:4 Manul's ghost, amateur SpAK


Message History

You barely miss Manul's ghost.
Manul's ghost is moderately damaged.
Manul's ghost hits you.
* * * LOW HITPOINT WARNING * * *
Manul's ghost burns you.
* * * LOW HITPOINT WARNING * * *
You closely miss Manul's ghost.
Manul's ghost is moderately damaged.
You closely miss Manul's ghost.
Manul's ghost is moderately damaged.
Manul's ghost hits you.
* * * LOW HITPOINT WARNING * * *
Manul's ghost burns you.
* * * LOW HITPOINT WARNING * * *
You completely miss Manul's ghost.
Manul's ghost is moderately damaged.
Manul's ghost hits you.
* * * LOW HITPOINT WARNING * * *
Manul's ghost burns you.
You die...

### .. .# #
###.# .?.
#...###
###.[##W#...#...
.......@†.......
....≈≈≈≈≈.......
..≈≈≈≈≈≈≈≈≈....#
≈≈≈≈≈≈≈≈≈≈≈≈≈..#
≈≈≈≈≈...≈≈≈≈≈≈..
......>.≈≈≈≈≈≈.#
≈≈≈≈≈...≈≈≈≈≈≈.#
≈≈≈≈≈≈≈≈≈≈≈≈≈≈[#


You could see Manul's ghost.

Vanquished Creatures
  A bullfrog (D:3)
  An ooze (D:2)
  A worm (D:2)
  2 dart slugs
  3 leopard geckos
  2 orcs (D:3)
  A ball python (D:1)
  5 bats
  2 giant cockroaches
  7 goblins
  A hobgoblin (D:3)
  6 jackals
  2 quokkas (D:3)
  2 frilled lizards
  6 kobolds
  7 rats
49 creatures vanquished.

Vanquished Creatures (others)
  5 toadstools (D:2)
5 creatures vanquished.

Grand Total: 54 creatures vanquished

Notes
Turn   | Place    | Note
-------+----------+-------------------------------------------
     0 | D:1      | matyilona the Merfolk Skald began the quest for the Orb.
     0 | D:1      | Reached XP level 1. HP: 16/16 MP: 3/3
   213 | D:1      | Reached XP level 2. HP: 23/23 MP: 5/5
  1435 | D:1      | Reached XP level 3. HP: 28/28 MP: 6/6
  1620 | D:2      | Reached skill level 4 in Polearms
  1678 | D:2      | Found a sparkling altar of Nemelex Xobeh.
  2180 | D:3      | Reached XP level 4. HP: 31/35 MP: 7/7
  2277 | D:3      | Found a hide-covered altar of Uskayaw.
  2279 | D:3      | Noticed a dagger
  2279 | D:3      | Noticed a hand axe
  2290 | D:3      | Upgraded the game from 0.20.0-9-g8272e65 to 0.20.0-10-g0535bb4
  2292 | D:3      | Became a worshipper of Uskayaw the Reveler
  2400 | D:3      | Reached * piety under Uskayaw
  2434 | D:3      | Noticed a bullfrog
  2438 | D:3      | Reached ** piety under Uskayaw
  2442 | D:3      | Reached *** piety under Uskayaw
  2444 | D:3      | Killed a bullfrog
  2444 | D:3      | Reached skill level 5 in Polearms
  2444 | D:3      | Reached skill level 1 in Invocations
  2444 | D:3      | Reached XP level 5. HP: 36/41 MP: 8/8
  2476 | D:3      | Found a faded altar of an unknown god.
  2557 | D:4      | Found a staircase to the Ecumenical Temple.
  2572 | D:4      | Noticed Manul's ghost (amateur SpAK)
  2609 | D:4      | HP: 1/41 [Manul's ghost (3)]
  2609 | D:4      | Slain by Manul's ghost

Skill      XL: |  1  2  3  4 |
---------------+-------------+-----
Dodging        | 3 |  3.8
Fighting       | 3 |  3.5
Polearms       | 4 5 |  5.2
Invocations    | 1 |  1.5
Armour         | |  0.6
Spellcasting   | |  2.0
Charms         | |  3.2

Action                   |  1- 3 |  4- 6 || total
-------------------------+-------+-------++-------
Melee: Spear             |   172 |    70 ||   242
 Cast: Infusion          |     1 |     1 ||     2
  Use: Potion            |       |     2 ||     2
 Stab: Sleeping          |     8 |     3 ||    11
       Paralysed         |       |     1 ||     1
  Eat: Chunk             |     4 |     1 ||     5
Armor: Leather armour    |    30 |    13 ||    43
Dodge: Dodged            |    86 |    30 ||   116
